AoeStats
← EasyStreet

Pilgrims

509783475Analyzed
2v2 RM · 3d ago on Sep 28, 2026· 33m 31s· 4 players
Game mode
Random Map
Map size
Medium (4 player)
Population
200
Speed
Normal
Resources
Standard
Victory
Conquest
Starting age
Dark Age
Ending age
Imperial Age
RankedLock teamsTeams togetherTeam positionsShared explorationLock speedFull tech treeHidden civsTurbo modeCheats
Victory
Defeat
🇺🇸 Shu · United States
1085
+17
🇺🇸 Persians · United States
1084
+17
🇨🇦 Ethiopians · Canada
1198
-21
🇨🇴 Berbers · Colombia
1003
-13
EasyStreet
4:33 Loom
10:11 Feudal Age
17:54 Castle Age
18:19 Scale Barding Armor
18:24 Forging
20:20 Gold Mining
21:09 Iron Casting
20:37 Husbandry
21:30 Chain Barding Armor
22:36 Bloodlines
33:03 Pikeman
AstroBoy1741
12:12 Feudal Age
16:50 Castle Age
15:42 Double-Bit Axe
15:50 Gold Mining
15:44 Horse Collar
16:21 Loom
18:43 Bow Saw
26:20 Wheelbarrow
26:11 Stone Mining
fonsejua
4:54 Loom
11:07 Feudal Age
11:46 Double-Bit Axe
15:53 Fletching
22:39 Castle Age
21:44 Padded Archer Armor
22:47 Crossbowman
23:33 Thumb Ring
23:42 Bodkin Arrow
Tovar086
14:28 Feudal Age
21:55 Castle Age
20:51 Scale Barding Armor
24:40 Forging
25:55 Bloodlines
Connection lost

Rejoining the realm…

Still unreachable

The connection could not be restored.

Session expired

The server has moved on; the page needs a fresh start.